RedWings vs Penguins

Created - 14 octobre 2017 at 19:08

Goals
1 2 3 T
RedWings 0 1 0 1
Penguins 2 2 1 5
Shots
1 2 3 T
RedWings 10 10 8 28
Penguins 7 20 14 41

1st period

1. Penguins , Vladimir Tarasenko 4 (Victor Hedman 1, Nathan MacKinnon 4) at 0:22
2. Penguins , Sebastian Aho 1 (Mark Barberio 1, Phil Kessel 2) at 16:29

Penalties :
Vladimir Tarasenko (PIT) for Tripping (Minor) at 7:37

2nd period

3. RedWings , Jonathan Drouin 3 (Dennis Seidenberg 4, Thomas Hickey 2) at 4:45 (PP)
4. Penguins , Nathan MacKinnon 2 (David Savard 1) at 8:12
5. Penguins , Victor Hedman 2 (Vladimir Tarasenko 4, Ryan Suter 3) at 19:39 (PP)

Penalties :
David Savard (PIT) for High sticking (Minor) at 3:58, Vladimir Tarasenko (PIT) for High sticking (Minor) at 6:40, Jonathan Drouin (DET) for Tripping (Minor) at 6:40, David Pastrnak (DET) for Hooking (Minor) at 17:44

3rd period

6. Penguins , Alexander Wennberg 2 (Phil Kessel 3) at 19:26

Penalties :
Filip Forsberg (DET) for Cross-checking (Minor) at 8:11, David Savard (PIT) for Hooking (Minor) at 12:11, Ryan Hartman (DET) for Roughing (Minor) at 15:34, Christian Dvorak (PIT) for Tripping (Minor) at 17:58, Dennis Seidenberg (DET) for Tripping (Minor) at 17:58

Goalie Stats

John Gibson (DET), 36 saves from 41 shots - (0.878), L, 2-1-0, 60:00 minutes
Ben Bishop (PIT), 27 saves from 28 shots - (0.964), W, 3-0-2, 60:00 minutes

Players Stats for RedWings

Player Name              G  A  P  +/- PIM S  H  SB GA TA FO     MP     PP MP  PK MP  
------------------------------------------------------------------------------------
Andrew Cogliano          0  0  0  -1  0   2  0  0  0  0  0/0    14:09   0:00   0:00 
Ben Lovejoy              0  0  0   0  0   1  3  3  0  0  0/0    19:39   0:00   2:42 
David Pastrnak           0  0  0  -1  2   4  0  0  0  0  0/1    17:22   2:03   0:00 
Dennis Seidenberg        0  1  1  -1  2   0  5  0  0  0  0/0    22:20   1:48   3:11 
Erik Haula               0  0  0   0  0   2  0  0  0  0  3/7     8:28   0:20   2:39 
Filip Forsberg           0  0  0  -3  2   2  2  0  0  0  2/2    23:10   2:22   2:31 
Jake Gardiner            0  0  0  -1  0   0  4  1  0  0  0/0    18:32   2:57   0:00 
Jonathan Drouin          1  0  1   0  2   2  2  0  0  0  0/2    14:41   2:23   1:53 
Kris Russell             0  0  0  -2  0   2  1  1  0  0  0/0    19:27   0:20   2:42 
Loui Eriksson            0  0  0  -1  0   2  1  0  0  0  0/2    19:17   2:42   1:26 
Micheal Ferland          0  0  0   0  0   0  0  0  0  0  0/0     0:03   0:00   0:03 
Paul Martin              0  0  0  -3  0   0  2  4  0  0  0/0    23:31   2:37   3:11 
Ryan Hartman             0  0  0   0  2   2  5  1  0  0  0/1    15:54   0:00   0:00 
Sam Gagner               0  0  0  -2  0   3  0  0  0  0  8/21   15:05   0:00   0:40 
Sean Monahan             0  0  0  -1  0   3  2  0  0  0  15/23  18:44   2:03   0:21 
Sven Andrighetto         0  0  0   0  0   0  0  0  0  0  1/2     5:29   0:00   0:00 
Thomas Hickey            0  1  1  -1  0   1  1  0  0  0  0/0    16:30   1:48   0:00 
Tyler Toffoli            0  0  0  -1  0   2  3  0  0  0  10/31  17:43   2:22   2:13 

Players Stats for Penguins

Player Name              G  A  P  +/- PIM S  H  SB GA TA FO     MP     PP MP  PK MP  
------------------------------------------------------------------------------------
Alexander Wennberg       1  0  1   2  0   4  2  0  0  0  12/25  17:39   3:17   0:00 
Christian Dvorak         0  0  0   0  2   2  0  0  0  0  0/1    14:20   0:00   1:12 
David Savard             0  1  1   1  4   0  0  1  0  0  0/0    22:56   2:40   0:57 
Jacob De La Rose         0  0  0   0  0   0  0  0  0  0  0/1     7:50   0:00   2:53 
Jakub Voracek            0  0  0   0  0   2  1  0  0  0  0/0    12:28   0:00   0:00 
Kevin Labanc             0  0  0   0  0   0  0  0  0  0  0/0     4:57   0:00   0:00 
Luke Glendening          0  0  0   0  0   0  1  0  0  0  6/13    7:50   0:00   2:53 
Mark Barberio            0  1  1   1  0   0  0  0  0  0  0/0    11:44   0:00   0:44 
Mark Giordano            0  0  0   1  0   1  1  0  0  0  0/0    23:54   2:40   1:53 
Nathan MacKinnon         1  1  2   2  0   8  2  0  0  0  17/28  20:10   2:36   0:40 
Olli Maatta              0  0  0   1  0   2  1  1  0  0  0/0    11:16   0:00   0:16 
Phil Kessel              0  2  2   3  0   4  1  0  0  0  0/1    18:52   3:17   0:00 
Ryan Suter               0  1  1   2  0   4  2  0  0  0  0/0    24:50   3:13   2:36 
Sebastian Aho            1  0  1   1  0   2  1  0  0  0  1/1    17:00   3:17   0:00 
Tyler Johnson            0  0  0   0  0   2  1  0  0  0  15/18  13:24   0:00   0:56 
Victor Hedman            1  1  2   2  0   3  2  0  0  0  0/0    25:18   3:13   3:04 
Vladimir Tarasenko       1  1  2   1  4   5  0  1  0  0  1/2    18:10   2:36   0:00 
William Nylander         0  0  0   1  0   2  0  0  0  0  1/2    18:34   2:36   0:56 

3 Stars

1 - Victor Hedman (PIT)
2 - Nathan MacKinnon (PIT)
3 - Phil Kessel (PIT)

Power Play

RedWings - 1 on 3 Attempt(s) - 33.33%
Penguins - 1 on 3 Attempt(s) - 33.33%

Penalty Kill

RedWings - 2 on 3 Attempt(s) - 66.67% - Score 0 goal in Penalty Kill
Penguins - 2 on 3 Attempt(s) - 66.67% - Score 0 goal in Penalty Kill

Team Stat

RedWings - Hits : 31 - Faceoff Wins : 39 - Blocked Shots : 10 - Penalty Minutes : 10
Penguins - Hits : 15 - Faceoff Wins : 53 - Blocked Shots : 3 - Penalty Minutes : 10

Official

Referees : Graham Skiliter and Mike Hasenfratz
Linesman : Brian Murphy and Mark Shewchyk

Game Notes

No Game Note

Finance

Level 1 -- Attendance: 4992 (76.80%) -- Ticket Income 624 000 $
Level 2 -- Attendance: 3862 (77.24%) -- Ticket Income 366 890 $
Level 3 -- Attendance: 2199 (62.83%) -- Ticket Income 153 930 $
Level 4 -- Attendance: 1754 (73.48%) -- Ticket Income 96 470 $
Luxury Box -- Attendance: 731 (73.10%) -- Ticket Income 171 785 $
Game was played at the Consol Energy Center.
Total Attendance: 13538 (73.63%)
Total Ticket Income: 1 413 075 $
Other Income: 211 961 $
Total Income: 1 625 036 $

% Time on Ice - RedWings

Lines # - Real PCT - Wanted PCT - Time Play
Normal Forward
1 - 34% - 40% - 15:20
2 - 23% - 30% - 10:26
3 - 31% - 20% - 14:09
4 - 12% - 10% - 5:29
Normal Defense
1 - 36% - 40% - 16:17
2 - 32% - 30% - 14:25
3 - 21% - 20% - 9:37
4 - 11% - 10% - 5:05
PP Forward
1 - 57% - 60% - 2:42
2 - 43% - 40% - 2:03
PP Defense
1 - 62% - 60% - 2:57
2 - 38% - 40% - 1:48
PK Forward
1 - 89% - 60% - 5:13
2 - 11% - 40% - 0:40
PK Defense
1 - 54% - 60% - 3:11
2 - 46% - 40% - 2:42
PK3 Forward
1 - 0% - 60%
2 - 0% - 40%
PK3 Defense
1 - 0% - 60%
2 - 0% - 40%
44 Forward
1 - 75% - 60% - 2:58
2 - 25% - 40% - 1:00
44 Defense
1 - 64% - 60% - 2:32
2 - 36% - 40% - 1:26
Last Minute Offensive  - 0:00
Last Minute Defensive  - 0:00
Total
Forward - 60:00
Defense - 60:00

% Time on Ice - Penguins

Lines # - Real PCT - Wanted PCT - Time Play
Normal Forward
1 - 31% - 32% - 14:16
2 - 30% - 32% - 13:43
3 - 27% - 26% - 12:28
4 - 11% - 10% - 4:57
Normal Defense
1 - 37% - 40% - 16:55
2 - 39% - 40% - 17:29
3 - 24% - 20% - 11:00
4 - 0% - 0% - 0:00
PP Forward
1 - 44% - 60% - 2:36
2 - 56% - 40% - 3:17
PP Defense
1 - 55% - 60% - 3:13
2 - 45% - 40% - 2:40
PK Forward
1 - 80% - 60% - 3:49
2 - 20% - 40% - 0:56
PK Defense
1 - 45% - 60% - 2:08
2 - 55% - 40% - 2:37
PK3 Forward
1 - 0% - 60%
2 - 0% - 40%
PK3 Defense
1 - 0% - 60%
2 - 0% - 40%
44 Forward
1 - 84% - 60% - 3:19
2 - 16% - 40% - 0:39
44 Defense
1 - 53% - 60% - 2:06
2 - 47% - 40% - 1:52
Last Minute Offensive  - 0:00
Last Minute Defensive  - 0:00
Total
Forward - 60:00
Defense - 60:00

Play by Play

1st period


0:01 of 1st period - Sean Monahan wins face-off versus Nathan MacKinnon in neutral zone.
0:22 of 1st period - Shot by Vladimir Tarasenko.
0:22 of 1st period - Goal by Vladimir Tarasenko - RedWings : 0 - Penguins : 1.
0:23 of 1st period - Alexander Wennberg wins face-off versus Jonathan Drouin in neutral zone.
0:35 of 1st period - Off-side.
0:36 of 1st period - Tyler Johnson wins face-off versus Sam Gagner in neutral zone.
0:41 of 1st period - Shot by Christian Dvorak.
0:41 of 1st period - Shot Misses the Net.
1:10 of 1st period - Icing by Jake Gardiner.
1:11 of 1st period - Sam Gagner wins face-off versus Alexander Wennberg in RedWings zone.
1:33 of 1st period - Icing by Alexander Wennberg.
1:34 of 1st period - Alexander Wennberg wins face-off versus Sean Monahan in Penguins zone.
1:34 of 1st period - Alexander Wennberg is hit by Sean Monahan.
1:37 of 1st period - Icing by Phil Kessel.
1:38 of 1st period - Sean Monahan wins face-off versus Alexander Wennberg in Penguins zone.
2:19 of 1st period - Shot by Vladimir Tarasenko.
2:19 of 1st period - Shot Misses the Net.
2:21 of 1st period - Shot by Ryan Suter.
2:21 of 1st period - Stopped by John Gibson without a rebound.
2:22 of 1st period - Tyler Toffoli wins face-off versus Luke Glendening in RedWings zone.
2:49 of 1st period - Icing by Victor Hedman.
2:50 of 1st period - Luke Glendening wins face-off versus Loui Eriksson in Penguins zone.
3:26 of 1st period - Shot by Loui Eriksson.
3:26 of 1st period - Stopped by Ben Bishop without a rebound.
3:27 of 1st period - Sean Monahan wins face-off versus Nathan MacKinnon in Penguins zone.
3:38 of 1st period - Shot by David Pastrnak.
3:38 of 1st period - Stopped by Ben Bishop with a rebound.
3:40 of 1st period - Shot by Kris Russell.
3:40 of 1st period - Stopped by Ben Bishop without a rebound.
3:41 of 1st period - Sven Andrighetto wins face-off versus Tyler Johnson in Penguins zone.
3:51 of 1st period - Jakub Voracek is hit by Paul Martin and loses puck.
5:01 of 1st period - Shot by Sean Monahan.
5:01 of 1st period - Deflect By Filip Forsberg.
5:01 of 1st period - Shot Misses the Net.
5:03 of 1st period - Shot by Ben Lovejoy.
5:03 of 1st period - Shot Misses the Net.
5:05 of 1st period - Shot by Sean Monahan.
5:05 of 1st period - Shot Misses the Net.
5:09 of 1st period - Shot by David Pastrnak.
5:09 of 1st period - Stopped by Ben Bishop without a rebound.
5:10 of 1st period - Sam Gagner wins face-off versus Alexander Wennberg in Penguins zone.
5:15 of 1st period - Shot by Jake Gardiner.
5:15 of 1st period - Deflect By Andrew Cogliano.
5:15 of 1st period - Shot Misses the Net.
5:17 of 1st period - Shot by Sam Gagner.
5:17 of 1st period - Stopped by Ben Bishop without a rebound.
5:18 of 1st period - Alexander Wennberg wins face-off versus Sam Gagner in Penguins zone.
7:05 of 1st period - Shot by Jakub Voracek.
7:05 of 1st period - Stopped by John Gibson with a rebound.
7:37 of 1st period - Minor Penalty to Vladimir Tarasenko for Tripping.
7:38 of 1st period - Tyler Toffoli wins face-off versus Luke Glendening in Penguins zone.
7:47 of 1st period - Shot by Jake Gardiner.
7:47 of 1st period - Shot Misses the Net.
8:19 of 1st period - Shot by Filip Forsberg.
8:19 of 1st period - Stopped by Ben Bishop without a rebound.
8:20 of 1st period - Sean Monahan wins face-off versus Christian Dvorak in Penguins zone.
8:21 of 1st period - Shot by Filip Forsberg.
8:21 of 1st period - Deflect By Sean Monahan.
8:21 of 1st period - Shot Misses the Net.
8:23 of 1st period - Shot by Dennis Seidenberg.
8:23 of 1st period - Shot Misses the Net.
8:25 of 1st period - Shot by Sean Monahan.
8:25 of 1st period - Stopped by Ben Bishop with a rebound.
8:27 of 1st period - Shot by Dennis Seidenberg.
8:27 of 1st period - Shot Misses the Net.
9:11 of 1st period - Shot by Kris Russell.
9:11 of 1st period - Shot Misses the Net.
9:13 of 1st period - Shot by Loui Eriksson.
9:13 of 1st period - Shot Misses the Net.
9:15 of 1st period - Shot by Loui Eriksson.
9:15 of 1st period - Shot Misses the Net.
9:17 of 1st period - Shot by Kris Russell.
9:17 of 1st period - Stopped by Ben Bishop without a rebound.
9:18 of 1st period - Luke Glendening wins face-off versus Tyler Toffoli in Penguins zone.
10:02 of 1st period - Shot by Sebastian Aho.
10:02 of 1st period - Shot Misses the Net.
10:06 of 1st period - Shot by Phil Kessel.
10:06 of 1st period - Shot Misses the Net.
10:46 of 1st period - Shot by Vladimir Tarasenko.
10:46 of 1st period - Stopped by John Gibson without a rebound.
10:47 of 1st period - Tyler Johnson wins face-off versus Sean Monahan in RedWings zone.
11:17 of 1st period - Shot by Jakub Voracek.
11:17 of 1st period - Stopped by John Gibson with a rebound.
12:12 of 1st period - Shot by Jonathan Drouin.
12:12 of 1st period - Stopped by Ben Bishop without a rebound.
12:13 of 1st period - Alexander Wennberg wins face-off versus Sam Gagner in Penguins zone.
12:23 of 1st period - Andrew Cogliano is hit by Olli Maatta and loses puck.
14:25 of 1st period - Shot by David Pastrnak.
14:25 of 1st period - Stopped by Ben Bishop without a rebound.
14:26 of 1st period - Filip Forsberg wins face-off versus Luke Glendening in Penguins zone.
14:26 of 1st period - David Pastrnak is hit by Victor Hedman and loses puck.
15:06 of 1st period - Ryan Suter is hit by Dennis Seidenberg and loses puck.
16:25 of 1st period - Shot by Phil Kessel.
16:25 of 1st period - Shot Hit the Post.
16:29 of 1st period - Shot by Sebastian Aho.
16:29 of 1st period - Goal by Sebastian Aho - RedWings : 0 - Penguins : 2.
16:30 of 1st period - Tyler Johnson wins face-off versus Tyler Toffoli in neutral zone.
16:33 of 1st period - Tyler Toffoli is hit by Ryan Suter and loses puck.
16:38 of 1st period - Shot by Tyler Johnson.
16:38 of 1st period - Shot Blocked by Ryan Hartman.
16:42 of 1st period - Shot by Tyler Johnson.
16:42 of 1st period - Shot Blocked by Ben Lovejoy.
16:44 of 1st period - Shot by Christian Dvorak.
16:44 of 1st period - Stopped by John Gibson without a rebound.
16:45 of 1st period - Nathan MacKinnon wins face-off versus Sven Andrighetto in RedWings zone.
17:03 of 1st period - Icing by Victor Hedman.
17:04 of 1st period - Sean Monahan wins face-off versus Nathan MacKinnon in Penguins zone.
17:19 of 1st period - Shot by Nathan MacKinnon.
17:19 of 1st period - Shot Misses the Net.
17:50 of 1st period - Icing by Ryan Suter.
17:51 of 1st period - Nathan MacKinnon wins face-off versus Loui Eriksson in Penguins zone.
17:55 of 1st period - Off-side.
17:56 of 1st period - Sam Gagner wins face-off versus Alexander Wennberg in neutral zone.
18:30 of 1st period - Icing by Dennis Seidenberg.
18:31 of 1st period - Tyler Johnson wins face-off versus Sam Gagner in RedWings zone.
18:50 of 1st period - Shot by Olli Maatta.
18:50 of 1st period - Shot Misses the Net.
18:53 of 1st period - Icing by Dennis Seidenberg.
18:54 of 1st period - Sam Gagner wins face-off versus Luke Glendening in RedWings zone.
19:46 of 1st period - Icing by David Savard.
19:47 of 1st period - Tyler Johnson wins face-off versus Ryan Hartman in Penguins zone.
Goals for this period are 0 for RedWings vs 2 for Penguins.
Shots for this period are 10 for RedWings vs 7 for Penguins.

2nd period


0:01 of 2nd period - Vladimir Tarasenko wins face-off versus Tyler Toffoli in neutral zone.
0:24 of 2nd period - Shot by Ryan Hartman.
0:24 of 2nd period - Stopped by Ben Bishop without a rebound.
0:25 of 2nd period - Alexander Wennberg wins face-off versus Sean Monahan in Penguins zone.
0:37 of 2nd period - Sebastian Aho is hit by Ben Lovejoy and loses puck.
0:55 of 2nd period - Icing by Alexander Wennberg.
0:56 of 2nd period - Alexander Wennberg wins face-off versus Tyler Toffoli in Penguins zone.
1:05 of 2nd period - Shot by Alexander Wennberg.
1:05 of 2nd period - Stopped by John Gibson without a rebound.
1:06 of 2nd period - Nathan MacKinnon wins face-off versus Sam Gagner in RedWings zone.
1:09 of 2nd period - Shot by Nathan MacKinnon.
1:09 of 2nd period - Shot Blocked by Paul Martin.
1:11 of 2nd period - Shot by Mark Giordano.
1:11 of 2nd period - Shot Blocked by Paul Martin.
1:13 of 2nd period - Shot by David Savard.
1:13 of 2nd period - Deflect By Vladimir Tarasenko.
1:13 of 2nd period - Shot Misses the Net.
1:15 of 2nd period - Shot by Mark Giordano.
1:15 of 2nd period - Stopped by John Gibson with a rebound.
1:21 of 2nd period - Shot by Vladimir Tarasenko.
1:21 of 2nd period - Stopped by John Gibson without a rebound.
1:22 of 2nd period - Tyler Johnson wins face-off versus Tyler Toffoli in RedWings zone.
1:22 of 2nd period - Jakub Voracek is hit by Jake Gardiner and loses puck.
1:32 of 2nd period - Icing by Olli Maatta.
1:33 of 2nd period - Sean Monahan wins face-off versus Tyler Johnson in Penguins zone.
1:38 of 2nd period - Shot by Sean Monahan.
1:38 of 2nd period - Stopped by Ben Bishop without a rebound.
1:39 of 2nd period - Nathan MacKinnon wins face-off versus Tyler Toffoli in Penguins zone.
1:39 of 2nd period - Nathan MacKinnon is hit by Tyler Toffoli.
1:45 of 2nd period - Off-side.
1:46 of 2nd period - Tyler Toffoli wins face-off versus Nathan MacKinnon in neutral zone.
1:49 of 2nd period - Nathan MacKinnon is hit by Jonathan Drouin and loses puck.
2:08 of 2nd period - Shot by Vladimir Tarasenko.
2:08 of 2nd period - Deflect By Nathan MacKinnon.
2:08 of 2nd period - Stopped by John Gibson without a rebound.
2:09 of 2nd period - Sean Monahan wins face-off versus Alexander Wennberg in RedWings zone.
2:09 of 2nd period - Sean Monahan is hit by Alexander Wennberg.
2:37 of 2nd period - Victor Hedman is hit by Filip Forsberg and loses puck.
3:09 of 2nd period - William Nylander is hit by Jake Gardiner and loses puck.
3:16 of 2nd period - Shot by Nathan MacKinnon.
3:16 of 2nd period - Deflect By Vladimir Tarasenko.
3:16 of 2nd period - Stopped by John Gibson without a rebound.
3:17 of 2nd period - Sam Gagner wins face-off versus Tyler Johnson in RedWings zone.
3:25 of 2nd period - Off-side.
3:26 of 2nd period - Nathan MacKinnon wins face-off versus Sam Gagner in neutral zone.
3:48 of 2nd period - Shot by Loui Eriksson.
3:48 of 2nd period - Shot Blocked by Vladimir Tarasenko.
3:58 of 2nd period - Shot by Andrew Cogliano.
3:58 of 2nd period - Stopped by Ben Bishop without a rebound.
3:58 of 2nd period - Minor Penalty to David Savard for High sticking.
3:59 of 2nd period - Luke Glendening wins face-off versus David Pastrnak in Penguins zone.
4:14 of 2nd period - Paul Martin is hit by Luke Glendening and loses puck.
4:29 of 2nd period - Shot by Filip Forsberg.
4:29 of 2nd period - Stopped by Ben Bishop without a rebound.
4:30 of 2nd period - Tyler Toffoli wins face-off versus Luke Glendening in Penguins zone.
4:31 of 2nd period - Shot by Thomas Hickey.
4:31 of 2nd period - Shot Misses the Net.
4:35 of 2nd period - Shot by Tyler Toffoli.
4:35 of 2nd period - Stopped by Ben Bishop with a rebound.
4:37 of 2nd period - Shot by Thomas Hickey.
4:37 of 2nd period - Stopped by Ben Bishop with a rebound.
4:45 of 2nd period - Shot by Jonathan Drouin.
4:45 of 2nd period - Goal by Jonathan Drouin - RedWings : 1 - Penguins : 2.
4:46 of 2nd period - Tyler Johnson wins face-off versus Erik Haula in neutral zone.
4:46 of 2nd period - Olli Maatta is hit by Ryan Hartman and loses puck.
4:51 of 2nd period - Shot by Erik Haula.
4:51 of 2nd period - Stopped by Ben Bishop without a rebound.
4:52 of 2nd period - Tyler Johnson wins face-off versus Tyler Toffoli in Penguins zone.
5:03 of 2nd period - Shot by Ryan Hartman.
5:03 of 2nd period - Stopped by Ben Bishop without a rebound.
5:04 of 2nd period - Sean Monahan wins face-off versus Alexander Wennberg in Penguins zone.
5:12 of 2nd period - Mark Giordano is hit by Kris Russell and loses puck.
5:19 of 2nd period - Shot by Alexander Wennberg.
5:19 of 2nd period - Stopped by John Gibson with a rebound.
5:21 of 2nd period - Shot by Alexander Wennberg.
5:21 of 2nd period - Stopped by John Gibson with a rebound.
5:56 of 2nd period - Alexander Wennberg is hit by Dennis Seidenberg and loses puck.
6:00 of 2nd period - Icing by Paul Martin.
6:01 of 2nd period - Tyler Johnson wins face-off versus Tyler Toffoli in RedWings zone.
6:09 of 2nd period - Icing by Dennis Seidenberg.
6:10 of 2nd period - Tyler Toffoli wins face-off versus Nathan MacKinnon in RedWings zone.
6:40 of 2nd period - Minor Penalty to Vladimir Tarasenko for High sticking.
6:40 of 2nd period - Minor Penalty to Jonathan Drouin for Tripping.
6:41 of 2nd period - Nathan MacKinnon wins face-off versus Tyler Toffoli in neutral zone.
6:57 of 2nd period - Shot by Phil Kessel.
6:57 of 2nd period - Stopped by John Gibson with a rebound.
6:59 of 2nd period - Shot by Phil Kessel.
6:59 of 2nd period - Shot Misses the Net.
7:01 of 2nd period - Shot by Mark Giordano.
7:01 of 2nd period - Shot Misses the Net.
7:10 of 2nd period - Nathan MacKinnon is hit by Dennis Seidenberg and loses puck.
7:26 of 2nd period - Icing by Victor Hedman.
7:27 of 2nd period - Sean Monahan wins face-off versus William Nylander in Penguins zone.
7:35 of 2nd period - Loui Eriksson is hit by Ryan Suter and loses puck.
7:56 of 2nd period - Shot by Christian Dvorak.
7:56 of 2nd period - Stopped by John Gibson without a rebound.
7:57 of 2nd period - Nathan MacKinnon wins face-off versus Sam Gagner in RedWings zone.
8:12 of 2nd period - Shot by Nathan MacKinnon.
8:12 of 2nd period - Goal by Nathan MacKinnon - RedWings : 1 - Penguins : 3.
8:13 of 2nd period - Nathan MacKinnon wins face-off versus Tyler Toffoli in neutral zone.
8:34 of 2nd period - Shot by Nathan MacKinnon.
8:34 of 2nd period - Stopped by John Gibson without a rebound.
8:35 of 2nd period - Sean Monahan wins face-off versus Nathan MacKinnon in RedWings zone.
8:44 of 2nd period - Shot by Tyler Johnson.
8:44 of 2nd period - Stopped by John Gibson without a rebound.
8:45 of 2nd period - Tyler Johnson wins face-off versus Erik Haula in RedWings zone.
8:57 of 2nd period - Christian Dvorak is hit by Thomas Hickey.
9:22 of 2nd period - Jakub Voracek is hit by Jake Gardiner and loses puck.
9:41 of 2nd period - Shot by Sebastian Aho.
9:41 of 2nd period - Deflect By Phil Kessel.
9:41 of 2nd period - Stopped by John Gibson without a rebound.
9:42 of 2nd period - William Nylander wins face-off versus Sean Monahan in RedWings zone.
9:59 of 2nd period - Shot by Nathan MacKinnon.
9:59 of 2nd period - Stopped by John Gibson without a rebound.
10:00 of 2nd period - Sam Gagner wins face-off versus Phil Kessel in RedWings zone.
10:00 of 2nd period - Sam Gagner is hit by Sebastian Aho.
10:10 of 2nd period - Phil Kessel is hit by Loui Eriksson and loses puck.
11:06 of 2nd period - Shot by Vladimir Tarasenko.
11:06 of 2nd period - Shot Blocked by Paul Martin.
11:12 of 2nd period - Shot by Paul Martin.
11:12 of 2nd period - Shot Misses the Net.
11:39 of 2nd period - Shot by Tyler Toffoli.
11:39 of 2nd period - Shot Misses the Net.
12:17 of 2nd period - Ben Lovejoy is hit by Jakub Voracek and loses puck.
12:26 of 2nd period - Shot by Sam Gagner.
12:26 of 2nd period - Shot Blocked by David Savard.
12:28 of 2nd period - Shot by Ben Lovejoy.
12:28 of 2nd period - Stopped by Ben Bishop without a rebound.
12:29 of 2nd period - Luke Glendening wins face-off versus Sean Monahan in Penguins zone.
13:22 of 2nd period - Shot by Sven Andrighetto.
13:22 of 2nd period - Shot Misses the Net.
13:34 of 2nd period - Shot by Jakub Voracek.
13:34 of 2nd period - Shot Misses the Net.
13:52 of 2nd period - Shot by Tyler Johnson.
13:52 of 2nd period - Shot Misses the Net.
14:16 of 2nd period - Shot by Phil Kessel.
14:16 of 2nd period - Shot Misses the Net.
14:33 of 2nd period - Shot by Alexander Wennberg.
14:33 of 2nd period - Deflect By Phil Kessel.
14:33 of 2nd period - Stopped by John Gibson without a rebound.
14:34 of 2nd period - Nathan MacKinnon wins face-off versus Sean Monahan in RedWings zone.
14:34 of 2nd period - Nathan MacKinnon is hit by Dennis Seidenberg.
14:43 of 2nd period - Shot by William Nylander.
14:43 of 2nd period - Stopped by John Gibson without a rebound.
14:44 of 2nd period - Filip Forsberg wins face-off versus Nathan MacKinnon in RedWings zone.
15:13 of 2nd period - Shot by Nathan MacKinnon.
15:13 of 2nd period - Shot Blocked by Kris Russell.
15:17 of 2nd period - Shot by Nathan MacKinnon.
15:17 of 2nd period - Stopped by John Gibson without a rebound.
15:18 of 2nd period - Tyler Johnson wins face-off versus Sam Gagner in RedWings zone.
16:10 of 2nd period - Tyler Johnson is hit by Ryan Hartman and loses puck.
16:20 of 2nd period - Icing by Thomas Hickey.
16:21 of 2nd period - Nathan MacKinnon wins face-off versus Jonathan Drouin in RedWings zone.
16:22 of 2nd period - Shot by Vladimir Tarasenko.
16:22 of 2nd period - Stopped by John Gibson with a rebound.
16:24 of 2nd period - Shot by David Savard.
16:24 of 2nd period - Shot Misses the Net.
16:36 of 2nd period - Icing by Thomas Hickey.
16:37 of 2nd period - Tyler Toffoli wins face-off versus Alexander Wennberg in RedWings zone.
17:09 of 2nd period - Alexander Wennberg is hit by Jake Gardiner and loses puck.
17:36 of 2nd period - Mark Giordano is hit by Ryan Hartman and loses puck.
17:44 of 2nd period - Minor Penalty to David Pastrnak for Hooking.
17:45 of 2nd period - Erik Haula wins face-off versus Vladimir Tarasenko in RedWings zone.
18:14 of 2nd period - Shot by Nathan MacKinnon.
18:14 of 2nd period - Shot Blocked by Paul Martin.
18:16 of 2nd period - Shot by Ryan Suter.
18:16 of 2nd period - Stopped by John Gibson without a rebound.
18:17 of 2nd period - Erik Haula wins face-off versus Alexander Wennberg in RedWings zone.
18:39 of 2nd period - Ben Lovejoy is hit by Alexander Wennberg.
19:12 of 2nd period - Icing by Vladimir Tarasenko.
19:13 of 2nd period - Erik Haula wins face-off versus Nathan MacKinnon in Penguins zone.
19:39 of 2nd period - Shot by Victor Hedman.
19:39 of 2nd period - Goal by Victor Hedman - RedWings : 1 - Penguins : 4.
19:40 of 2nd period - Tyler Johnson wins face-off versus Sam Gagner in neutral zone.
Goals for this period are 1 for RedWings vs 2 for Penguins.
Shots for this period are 10 for RedWings vs 20 for Penguins.

3rd period


0:01 of 3rd period - Nathan MacKinnon wins face-off versus Sean Monahan in neutral zone.
0:01 of 3rd period - Vladimir Tarasenko is hit by Sean Monahan and loses puck.
0:45 of 3rd period - David Savard is hit by Filip Forsberg.
1:48 of 3rd period - Tyler Johnson is hit by Ben Lovejoy.
2:03 of 3rd period - Tyler Johnson is hit by Ben Lovejoy and loses puck.
2:12 of 3rd period - Shot by Tyler Johnson.
2:12 of 3rd period - Stopped by John Gibson without a rebound.
2:13 of 3rd period - Sam Gagner wins face-off versus Jacob De La Rose in RedWings zone.
3:07 of 3rd period - Shot by Vladimir Tarasenko.
3:07 of 3rd period - Shot Misses the Net.
3:10 of 3rd period - Icing by Thomas Hickey.
3:11 of 3rd period - Alexander Wennberg wins face-off versus Sam Gagner in RedWings zone.
3:18 of 3rd period - Shot by Sebastian Aho.
3:18 of 3rd period - Shot Misses the Net.
3:20 of 3rd period - Shot by Olli Maatta.
3:20 of 3rd period - Stopped by John Gibson without a rebound.
3:21 of 3rd period - Nathan MacKinnon wins face-off versus Tyler Toffoli in RedWings zone.
3:26 of 3rd period - Shot by Nathan MacKinnon.
3:26 of 3rd period - Stopped by John Gibson with a rebound.
3:28 of 3rd period - Shot by William Nylander.
3:28 of 3rd period - Stopped by John Gibson without a rebound.
3:29 of 3rd period - Sean Monahan wins face-off versus Alexander Wennberg in RedWings zone.
3:53 of 3rd period - Icing by Kris Russell.
3:54 of 3rd period - Sean Monahan wins face-off versus Nathan MacKinnon in RedWings zone.
3:54 of 3rd period - David Pastrnak is hit by Nathan MacKinnon.
4:08 of 3rd period - Shot by Nathan MacKinnon.
4:08 of 3rd period - Stopped by John Gibson without a rebound.
4:09 of 3rd period - Tyler Johnson wins face-off versus Tyler Toffoli in RedWings zone.
4:09 of 3rd period - Victor Hedman is hit by Dennis Seidenberg and loses puck.
4:20 of 3rd period - Tyler Johnson is hit by Ryan Hartman and loses puck.
4:45 of 3rd period - Shot by Ryan Suter.
4:45 of 3rd period - Stopped by John Gibson without a rebound.
4:46 of 3rd period - Sam Gagner wins face-off versus Alexander Wennberg in RedWings zone.
5:03 of 3rd period - Shot by Sebastian Aho.
5:03 of 3rd period - Stopped by John Gibson with a rebound.
6:13 of 3rd period - Shot by David Pastrnak.
6:13 of 3rd period - Stopped by Ben Bishop without a rebound.
6:14 of 3rd period - Tyler Johnson wins face-off versus Tyler Toffoli in Penguins zone.
6:19 of 3rd period - Dennis Seidenberg is hit by Tyler Johnson and loses puck.
6:26 of 3rd period - Jakub Voracek is hit by Tyler Toffoli and loses puck.
6:34 of 3rd period - Ryan Hartman is hit by Victor Hedman and loses puck.
7:20 of 3rd period - Shot by Phil Kessel.
7:20 of 3rd period - Stopped by John Gibson without a rebound.
7:21 of 3rd period - Nathan MacKinnon wins face-off versus Sam Gagner in RedWings zone.
7:36 of 3rd period - Shot by Nathan MacKinnon.
7:36 of 3rd period - Stopped by John Gibson with a rebound.
7:57 of 3rd period - Andrew Cogliano is hit by Nathan MacKinnon and loses puck.
8:11 of 3rd period - Minor Penalty to Filip Forsberg for Cross-checking.
8:12 of 3rd period - Alexander Wennberg wins face-off versus Tyler Toffoli in RedWings zone.
9:16 of 3rd period - Icing by Mark Giordano.
9:17 of 3rd period - Nathan MacKinnon wins face-off versus Erik Haula in Penguins zone.
9:21 of 3rd period - Off-side.
9:22 of 3rd period - Alexander Wennberg wins face-off versus Tyler Toffoli in neutral zone.
9:43 of 3rd period - Phil Kessel is hit by Jonathan Drouin and loses puck.
10:25 of 3rd period - Icing by Thomas Hickey.
10:26 of 3rd period - Sean Monahan wins face-off versus Luke Glendening in RedWings zone.
11:03 of 3rd period - Shot by Luke Glendening.
11:03 of 3rd period - Shot Blocked by Jake Gardiner.
11:25 of 3rd period - Shot by Sam Gagner.
11:25 of 3rd period - Stopped by Ben Bishop with a rebound.
12:07 of 3rd period - Tyler Toffoli is hit by Mark Giordano and loses puck.
12:10 of 3rd period - Shot by Tyler Toffoli.
12:10 of 3rd period - Shot Misses the Net.
12:11 of 3rd period - Minor Penalty to David Savard for Hooking.
12:12 of 3rd period - Luke Glendening wins face-off versus Tyler Toffoli in Penguins zone.
12:12 of 3rd period - Luke Glendening is hit by Tyler Toffoli.
13:44 of 3rd period - Shot by Sean Monahan.
13:44 of 3rd period - Stopped by Ben Bishop without a rebound.
13:45 of 3rd period - Sean Monahan wins face-off versus Luke Glendening in Penguins zone.
14:11 of 3rd period - Off-side.
14:12 of 3rd period - Alexander Wennberg wins face-off versus Erik Haula in neutral zone.
14:21 of 3rd period - Shot by Alexander Wennberg.
14:21 of 3rd period - Shot Hit the Post.
14:36 of 3rd period - Shot by Erik Haula.
14:36 of 3rd period - Stopped by Ben Bishop without a rebound.
14:37 of 3rd period - Nathan MacKinnon wins face-off versus Sean Monahan in Penguins zone.
14:51 of 3rd period - Icing by David Pastrnak.
14:52 of 3rd period - Sean Monahan wins face-off versus Alexander Wennberg in RedWings zone.
14:52 of 3rd period - David Pastrnak is hit by Phil Kessel.
15:10 of 3rd period - Shot by Ryan Suter.
15:10 of 3rd period - Stopped by John Gibson without a rebound.
15:11 of 3rd period - Nathan MacKinnon wins face-off versus Tyler Toffoli in RedWings zone.
15:30 of 3rd period - Vladimir Tarasenko is hit by Paul Martin and loses puck.
15:34 of 3rd period - Minor Penalty to Ryan Hartman for Roughing.
15:35 of 3rd period - Sebastian Aho wins face-off versus Tyler Toffoli in RedWings zone.
16:00 of 3rd period - Shot by Phil Kessel.
16:00 of 3rd period - Shot Misses the Net.
16:02 of 3rd period - Shot by Victor Hedman.
16:02 of 3rd period - Shot Blocked by Ben Lovejoy.
16:04 of 3rd period - Shot by Victor Hedman.
16:04 of 3rd period - Shot Misses the Net.
16:06 of 3rd period - Shot by Victor Hedman.
16:06 of 3rd period - Stopped by John Gibson without a rebound.
16:07 of 3rd period - Nathan MacKinnon wins face-off versus Sam Gagner in RedWings zone.
17:24 of 3rd period - Shot by Phil Kessel.
17:24 of 3rd period - Shot Blocked by Ben Lovejoy.
17:26 of 3rd period - Shot by Victor Hedman.
17:26 of 3rd period - Stopped by John Gibson without a rebound.
17:27 of 3rd period - Tyler Toffoli wins face-off versus Alexander Wennberg in RedWings zone.
17:38 of 3rd period - Shot by Andrew Cogliano.
17:38 of 3rd period - Stopped by Ben Bishop with a rebound.
17:40 of 3rd period - Shot by Andrew Cogliano.
17:40 of 3rd period - Shot Blocked by Olli Maatta.
17:42 of 3rd period - Shot by Sam Gagner.
17:42 of 3rd period - Stopped by Ben Bishop without a rebound.
17:43 of 3rd period - Luke Glendening wins face-off versus Tyler Toffoli in Penguins zone.
17:43 of 3rd period - Luke Glendening is hit by Ryan Hartman.
17:49 of 3rd period - Shot by Luke Glendening.
17:49 of 3rd period - Shot Misses the Net.
17:51 of 3rd period - Shot by Olli Maatta.
17:51 of 3rd period - Stopped by John Gibson without a rebound.
17:52 of 3rd period - Tyler Johnson wins face-off versus Sam Gagner in RedWings zone.
17:58 of 3rd period - Minor Penalty to Christian Dvorak for Tripping.
17:58 of 3rd period - Minor Penalty to Dennis Seidenberg for Tripping.
17:59 of 3rd period - Tyler Toffoli wins face-off versus Nathan MacKinnon in RedWings zone.
18:10 of 3rd period - Shot by Vladimir Tarasenko.
18:10 of 3rd period - Shot Misses the Net.
18:20 of 3rd period - Shot by Filip Forsberg.
18:20 of 3rd period - Shot Misses the Net.
18:22 of 3rd period - Shot by Tyler Toffoli.
18:22 of 3rd period - Stopped by Ben Bishop without a rebound.
18:23 of 3rd period - Tyler Toffoli wins face-off versus Nathan MacKinnon in Penguins zone.
19:12 of 3rd period - Shot by Sean Monahan.
19:12 of 3rd period - Shot Misses the Net.
19:18 of 3rd period - Shot by Loui Eriksson.
19:18 of 3rd period - Stopped by Ben Bishop without a rebound.
19:19 of 3rd period - Alexander Wennberg wins face-off versus Tyler Toffoli in Penguins zone.
19:24 of 3rd period - Shot by Phil Kessel.
19:24 of 3rd period - Shot Misses the Net.
19:26 of 3rd period - Shot by Alexander Wennberg.
19:26 of 3rd period - Goal by Alexander Wennberg - RedWings : 1 - Penguins : 5.
19:27 of 3rd period - Alexander Wennberg wins face-off versus Tyler Toffoli in neutral zone.
19:35 of 3rd period - Icing by Filip Forsberg.
19:36 of 3rd period - Tyler Toffoli wins face-off versus Alexander Wennberg in RedWings zone.
Goals for this period are 0 for RedWings vs 1 for Penguins.
Shots for this period are 8 for RedWings vs 14 for Penguins.